 Dungeon Crawl Stone Soup version 0.31.0-11-ge490571c62 (webtiles) character file.

Game seed: 12573207902443666202

5720 Flugkiller the Thaumaturge (level 10, -2/49 HPs)
             Began as a Vine Stalker Ice Elementalist on Feb 2, 2024.
             Was a Believer of Sif Muna.
             Slain by a boulder beetle (19 damage)
             ... on level 9 of the Dungeon.
             The game lasted 00:17:54 (2543 turns).

Flugkiller the Thaumaturge (VSIE)                   Turns: 2543, Time: 00:17:55

Health: -2/49      AC: 16    Str: 10    XL:     10   Next: 76%
Magic:  0/26       EV: 12    Int: 19    God:    Sif Muna [**....]
Gold:   317        SH:  0    Dex: 16    Spells: 21/31 levels left

rFire   . . .        f - +3 dagger (elec)
rCold   . . .        (no shield)
rNeg    . . .        z - +0 steam dragon scales
rPois   .            (no helmet)
rElec   .            j - +0 cloak
rCorr   +            B - +0 pair of gloves
SInv    .            e - +0 pair of boots
Will    +....        (no amulet)
Stlth   ++           d - ring of resist corrosion
HPRegen 1.08/turn    (no ring)
MPRegen 0.20/turn

%: guardian spirit
@: ice-armoured
A: fangs 3, regeneration 1, magic shield, antimagic bite, no potion heal 2
a: Renounce Religion, Channel Magic


You were on level 9 of the Dungeon.
You worshipped Sif Muna.
Sif Muna was pleased with you.
You visited 2 branches of the dungeon, and saw 10 of its levels.
You also visited: Bailey.

You collected 317 gold pieces.

Inventory:

Hand Weapons
 f - a +3 dagger of electrocution (weapon)
   (You found it on level 1 of the Dungeon)
 k - a +0 dagger of freezing
   (You found it on level 2 of the Dungeon)
 l - a +6 broad axe
   (You took it off an orc warlord in a bailey)
 p - a +1 short sword of distortion
   (You took it off an orc on level 3 of the Dungeon)
 H - the +5 dagger "Astog" {freeze, ^Fragile rElec rCorr Int+3}
   (You found it in a bailey)

   Int+3:     It affects your intelligence (+3).
   rElec:     It insulates you from electricity.
   rCorr:     It protects you from acid and corrosion.
   ^Fragile:  It will be destroyed if unequipped.
 I - the +2 rapier of Distant Worlds {freeze, Dex+4}
   (You found it on level 7 of the Dungeon)

   Dex+4:     It affects your dexterity (+4).
Armour
 e - a +0 pair of boots (worn)
   (You found it on level 1 of the Dungeon)
 j - a +0 cloak (worn)
   (You found it on level 3 of the Dungeon)
 v - a +1 leather armour of cold resistance
   (You found it on level 4 of the Dungeon)
 z - +0 steam dragon scales (worn)
   (You found it on level 8 of the Dungeon)
 B - a +0 pair of gloves (worn)
   (You found it on level 9 of the Dungeon)
Jewellery
 d - a ring of resist corrosion (left hand)
   (You found it on level 1 of the Dungeon)
 s - an amulet of the acrobat
   (You found it in a bailey)
Talismans
 g - a beast talisman
   (You found it on level 1 of the Dungeon)
Wands
 h - a wand of iceblast (4)
   (You found it on level 5 of the Dungeon)
 G - a wand of polymorph (4)
   (You found it on level 9 of the Dungeon)
Scrolls
 a - a scroll of vulnerability {unknown}
 n - a scroll of amnesia
 o - a scroll of brand weapon
 t - 3 scrolls of teleportation
 y - a scroll of torment {unknown}
 C - a scroll of revelation
 D - a scroll of fog {unknown}
 E - a scroll of butterflies {unknown}
Potions
 b - 5 potions of magic
 c - a potion of invisibility {unknown}
 i - 2 potions of cancellation
 m - a potion of brilliance {unknown}
 q - 3 potions of curing
 u - 2 potions of enlightenment {unknown}
 x - a potion of lignification {unknown}
 A - a potion of attraction {unknown}
 F - 3 potions of haste {unknown}


   Skills:
 - Level 4.0 Fighting
 - Level 1.5 Dodging
 - Level 2.4 Stealth
 - Level 11.0 Spellcasting
 - Level 8.3 Ice Magic
 + Level 5.1 Invocations
 - Level 7.9 Evocations


You had 21 spell levels left.
You knew the following spells:

 Your Spells              Type           Power      Damage    Failure   Level
a - Freeze                Ice            100%       1d10      1%          1
b - Frozen Ramparts       Ice            84%        1d13      1%          3
c - Ozocubu's Armour      Ice            42%        N/A       1%          3
d - Summon Ice Beast      Ice/Summ       26%        N/A       3%          3

Your spell library contained the following spells:

 Spells                   Type           Power      Damage    Failure   Level
 Shock                    Conj/Air       40%        1d5       7%          1
 Dazzling Flash           Conj/Hex       20%        N/A       21%         3
 Mephitic Cloud           Conj/Alch/Air  10%        N/A       21%         3
 Swiftness                Air            10%        N/A       21%         3
 Airstrike                Air            5%         2d(1-17)  54%         4
 Passage of Golubria      Tloc           10%        N/A       54%         4
 Curse of Agony           Necr           10%        N/A       88%         5
 Silence                  Hex/Air        5%         N/A       88%         5
 Lehudib's Crystal Spear  Conj/Erth      5%         10d3      100%        8


Dungeon Overview and Level Annotations

Branches:
Dungeon (9/15) Zot: 26705  Temple (1/1) D:4 Zot: 5979  Bailey (visited)
   Lair: D:8-11         Orc: D:9-12

Altars:
Ashenzari
Dithmenos
Elyvilon
Fedhas
Hepliaklqana
Kikubaaqudgha
Makhleb
Nemelex Xobeh
Okawaru
Qazlal
Ru
Sif Muna
Trog
Uskayaw
Vehumet
Wu Jian
Xom
Yredelemnul
Zin
The Shining One

Shops:
D:3 :   D:9 :

Annotations:
D:7 3 runed translucent doors, hat o f the alchemist, Skimidon's ghost, novice VSWr
D:8 Erica


Innate Abilities, Weirdness & Mutations

You have razor-sharp teeth.
Your natural rate of healing is unusually fast.
When hurt, damage is shared between your health and your magic reserves.
Your bite disrupts and absorbs the magic of your enemies.
Potions cannot restore your health.


Message History

The boulder beetle bites your ice beast!
Your ice beast hits the boulder beetle but does no damage.
The wall freezes the gnoll!
The wall freezes the boulder beetle but does no damage.
The boulder beetle bites your ice beast!
Your ice beast hits the boulder beetle but does no damage.
The wall freezes the gnoll!
You kill the gnoll!
Sif Muna accepts your kill.
The wall freezes the boulder beetle.
The boulder beetle bites your ice beast!
Your ice beast dies!
Your ice beast disappears in a puff of smoke!
Casting: Ozocubu's Armour (safe; 1% risk of failure)
Confirm with . or Enter, or press ? or * to list all spells.
A chill wind blows around you.
The wall freezes the boulder beetle.
The wall freezes the gnoll sergeant but does no damage.
The gnoll sergeant hits your ice beast with a +2 trident of protection!
You hit the boulder beetle.
You bite the boulder beetle, but do no damage.
The boulder beetle is lightly wounded.
The wall freezes the boulder beetle but does no damage.
The boulder beetle bites you but does no damage.
A gnoll comes into view. It is wielding a +0 club.
The wall freezes the gnoll sergeant!
The gnoll sergeant misses your ice beast.
Your ice beast hits the gnoll sergeant but does no damage.
Casting: Summon Ice Beast (dangerous; 3% risk of failure)
Confirm with . or Enter, or press ? or * to list all spells.
Aiming: Freeze (safe; 1% risk of failure)
Press: ? - help, Shift-Dir - straight line, f - boulder beetle
Aim: a boulder beetle (lightly wounded)
You freeze the boulder beetle!
The boulder beetle is moderately wounded.
The wall freezes the boulder beetle but does no damage.
The boulder beetle barely misses you.
The wall freezes the gnoll sergeant.
The gnoll sergeant barely misses your ice beast.
Your ice beast hits the gnoll sergeant but does no damage.
Casting: Freeze (safe; 1% risk of failure)
Confirm with . or Enter, or press ? or * to list all spells.
Aiming: Freeze (safe; 1% risk of failure)
Press: ? - help, Shift-Dir - straight line, f/p - boulder beetle
Aim: a boulder beetle (moderately wounded)
You freeze the boulder beetle!
The boulder beetle is moderately wounded.
The wall freezes the boulder beetle!
The boulder beetle bites you!
The wall freezes the gnoll sergeant.
The gnoll sergeant hits your ice beast with a +2 trident of protection!
Your ice beast barely misses the gnoll sergeant.
Casting: Freeze (safe; 1% risk of failure)
Confirm with . or Enter, or press ? or * to list all spells.
Aiming: Freeze (safe; 1% risk of failure)
Press: ? - help, Shift-Dir - straight line, f/p - boulder beetle
Aim: a boulder beetle (heavily wounded)
You freeze the boulder beetle!
The boulder beetle is heavily wounded.
The wall freezes the boulder beetle.
The boulder beetle barely misses you.
The wall freezes the gnoll sergeant but does no damage.
The gnoll sergeant hits your ice beast with a +2 trident of protection.
Your ice beast hits the gnoll sergeant but does no damage.
Casting: Freeze (safe; 1% risk of failure)
Confirm with . or Enter, or press ? or * to list all spells.
Aiming: Freeze (safe; 1% risk of failure)
Press: ? - help, Shift-Dir - straight line, f/p - boulder beetle
Aim: a boulder beetle (severely wounded)
You freeze the boulder beetle.
The boulder beetle is severely wounded.
The wall freezes the boulder beetle.
The boulder beetle bites you!
The wall freezes the gnoll sergeant.
The gnoll sergeant hits your ice beast with a +2 trident of protection!
Your ice beast dies!
Your ice beast disappears in a puff of smoke!
Casting: Freeze (safe; 1% risk of failure)
Confirm with . or Enter, or press ? or * to list all spells.
Aiming: Freeze (safe; 1% risk of failure)
Press: ? - help, Shift-Dir - straight line, f/p - boulder beetle
Aim: a boulder beetle (severely wounded)
You freeze the boulder beetle.
The boulder beetle is severely wounded.
The wall freezes the boulder beetle but does no damage.
The boulder beetle completely misses you.
The wall freezes the gnoll sergeant but does no damage.
You hit the boulder beetle but do no damage.
The boulder beetle is severely wounded.
The frozen ramparts melt away.
The boulder beetle bites you!
The gnoll sergeant hits you from afar with a +2 trident of protection.
Okay, then.
Aiming: Iceblast
Press: ? - help, Shift-Dir - straight line, f - gnoll, p - boulder beetle
Aim: a gnoll, wielding a +0 club The mass of ice explodes!
The iceblast engulfs the gnoll sergeant!!
You kill the gnoll sergeant!
Sif Muna accepts your kill.
The iceblast engulfs the gnoll!!
You kill the gnoll!
Sif Muna accepts your kill.
You hear a bellow! x4
The boulder beetle bites you!!
You die...

*** *,* #.# #.# #.# #.#########
*######* #....)....###########
*......,
#...........B@.))!..###..<.|.,
#).........########.....g....,
#))......)>............g.....,
#)#####.)....................,
#.# #.........##.####....g.,
####.# #............####......,
.....#####......................,
......##................####....,
......####.......B......# **,..,


You could see a boulder beetle.

Vanquished Creatures
  An orc warlord (Bailey)
  2 wyverns
  A steam dragon (D:8)
  4 orc warriors
  An ice beast (D:5)
  A kobold brigand (D:7)
  2 gnoll sergeants (D:9)
  A wight (D:8)
  5 killer bees (D:7)
  2 jellies
  A hound (D:6)
  A sleepcap (D:7)
  An iguana (D:4)
  An orc wizard (D:9)
  6 gnolls (D:9)
  2 adders
  2 shadow imps (D:6)
  2 white imps (D:8)
  3 ufetubi
  A ribbon worm (D:3)
  5 orcs
  2 ball pythons (D:1)
  2 endoplasms
  A giant cockroach (D:3)
  7 goblins
  5 hobgoblins
  A quokka (D:2)
  7 bats
  13 kobolds
  3 rats
86 creatures vanquished.

Vanquished Creatures (collateral kills)
  An ugly thing (D:9)
  Menkaure (D:5)
  An orc warrior (Bailey)
  An ogre (D:5)
  A centaur (D:9)
  A scorpion (D:5)
  A sleepcap (D:6)
  A killer bee zombie (D:8)
  2 gnolls (D:9)
  An adder (D:6)
  An ufetubus (D:7)
  3 orcs
  3 goblins (D:9)
  A hobgoblin (Bailey)
  5 kobolds
24 creatures vanquished.

Grand Total: 110 creatures vanquished

Notes
Turn   | Place    | Note
-------+----------+-------------------------------------------
     0 | D:1      | Flugkiller the Vine Stalker Ice Elementalist began the
                  | quest for the Orb.
     0 | D:1      | Reached XP level 1. HP: 9/9 MP: 4/4
    89 | D:1      | Found a faded altar of an unknown god.
   119 | D:1      | Reached XP level 2. HP: 13/13 MP: 0/6
   344 | D:2      | Reached skill level 3 in Spellcasting
   344 | D:2      | Reached XP level 3. HP: 16/16 MP: 3/8
   422 | D:3      | Learned a level 3 spell: Frozen Ramparts
   527 | D:3      | Found Upeta's Book Boutique.
   684 | D:3      | Found a blossoming altar of Fedhas.
   744 | D:4      | Found a staircase to the Ecumenical Temple.
   756 | Temple   | Entered the Ecumenical Temple
   766 | Temple   | Became a worshipper of Sif Muna the Loreminder
   845 | D:4      | Reached XP level 4. HP: 21/21 MP: 2/10
   851 | D:4      | Learned a level 3 spell: Ozocubu's Armour
   855 | D:4      | Learned a level 3 spell: Summon Ice Beast
   897 | D:5      | Entered Level 5 of the Dungeon
   919 | D:5      | Noticed Menkaure
   946 | D:5      | Killed Menkaure
   947 | D:5      | Reached skill level 4 in Spellcasting
   947 | D:5      | Reached skill level 5 in Ice Magic
   947 | D:5      | Reached XP level 5. HP: 24/24 MP: 8/12
  1006 | D:4      | Found an ornate altar of the Wu Jian Council.
  1026 | D:5      | Noticed an ice beast
  1074 | D:5      | Reached XP level 6. HP: 28/28 MP: 4/13
  1118 | D:5      | Killed an ice beast
  1119 | D:5      | Reached skill level 5 in Spellcasting
  1171 | D:5      | Reached XP level 7. HP: 32/32 MP: 7/16
  1183 | D:5      | Found a glowing silver altar of Zin.
  1192 | D:5      | Found a radiant altar of Vehumet.
  1279 | D:6      | Noticed a troll
  1659 | D:7      | Reached skill level 6 in Spellcasting
  1754 | D:7      | Found a runed translucent gate.
  1754 | D:7      | Found a runed translucent gate.
  1754 | D:7      | Found a runed translucent gate.
  1755 | D:7      | Noticed Skimidon's ghost (novice VSWr)
  1758 | D:7      | Identified the +2 rapier of Distant Worlds {freeze, Dex+4}
  1766 | D:7      | Found the -2 hat of the Alchemist {rElec rPois rF+ rC+ rN+
                  | Will+ rMut rCorr}
  1795 | D:7      | Noticed a wyvern
  1797 | D:7      | Gained mutation: You have razor-sharp teeth. [Vine Stalker
                  | growth]
  1797 | D:7      | Reached XP level 8. HP: 36/36 MP: 14/18
  1801 | D:7      | Reached * piety under Sif Muna
  1805 | D:7      | Killed a wyvern
  1809 | D:7      | Reached skill level 7 in Spellcasting
  1984 | D:8      | Found an ancient bone altar of Kikubaaqudgha.
  1985 | D:8      | Noticed Erica
  2145 | D:9      | Found a flagged portal.
  2158 | Bailey   | Entered a bailey
  2164 | Bailey   | Noticed an orc warlord
  2203 | Bailey   | Reached skill level 1 in Evocations
  2222 | Bailey   | Found a runed translucent gate.
  2224 | Bailey   | Found a runed translucent gate.
  2226 | Bailey   | Found a runed translucent gate.
  2244 | Bailey   | Reached skill level 1 in Fighting
  2244 | Bailey   | Reached XP level 9. HP: 34/41 MP: 9/21
  2294 | Bailey   | Killed an orc warlord
  2294 | Bailey   | Reached ** piety under Sif Muna
  2324 | Bailey   | Identified the +5 dagger "Astog" {freeze, ^Fragile rElec
                  | rCorr Int+3}
  2328 | Bailey   | Reached skill level 11 in Spellcasting
  2328 | Bailey   | Reached XP level 10. HP: 49/49 MP: 17/26
  2392 | D:9      | Found a stormy altar of Qazlal.
  2403 | D:9      | Found Yshrac's Book Shop.
  2408 | D:9      | Noticed a cyan ugly thing
  2411 | D:9      | Noticed a boulder beetle
  2418 | D:9      | Killed a cyan ugly thing
  2475 | D:9      | Reached skill level 5 in Invocations
  2543 | D:9      | Slain by a boulder beetle

Illustrated notes

Levels and vault maps discovered:
D:1:      lightli_arrival_isolated_outpost, layout_basic, basic_ecumenical_altar
D:2:      layout_basic, nicolae_kite_square_tiling_tiny, minmay_pentomino_r2,
          uniq_jessica
D:3:      layout_basic, old_standard_altar, serial_shops, shop, minivault_25
D:4:      layout_basic, nicolae_overflow_hidden_temple, minmay_temple_entry_tees
D:5:      layout_cave_pools, vehumet_crystals,
          pdpol_temple_overflow_zin_treasury_gozag_greed,
          serial_co_window_serial, co_window_cross_1, co_window_cross_1,
          co_window_paths_a, co_window_corner_a, co_window_paths_a,
          co_window_paths_a, co_window_paths_a, co_window_broadway_a,
          co_window_2corner, co_window_unsneaky_path_d, co_window_2corner,
          co_window_corner_b, glass_columns_a, minivault_11, uniq_menkaure
D:6:      layout_loops_ring
D:7:      layout_loops_corners, biasface_ghost_orc_armoury
D:8:      layout_cave_pools, mainiacjoe_overflow_alcove_2,
          kiku_gazebo_garden_becter, serial_undead, serial_undead_f,
          serial_undead_b, serial_undead_a, serial_undead_f, serial_undead_b,
          serial_undead_e, serial_undead_b, serial_undead_e, uniq_psyche,
          uniq_erica
D:9:      layout_rooms, grunt_qazlal_clouds, serial_shops,
          nicolae_shop_rolling_square, enter_bailey_5, kb_lookout_dungeons_type,
          minivault_22
Temple:   compressed_dpeg_circular_temple

Skill      XL: |  1  2  3  4  5  6  7  8  9 10 |
---------------+-------------------------------+-----
Spellcasting   | 3 4 5 6 7 11 | 11.0
Ice Magic      | 5 6 7 8 |  8.3
Evocations     | 3 7 |  7.9
Fighting       | 1 4 |  4.0
Invocations    | 3 5 |  5.1
Dodging        | |  1.5
Stealth        | |  2.4

Action                     |  1- 3 |  4- 6 |  7- 9 | 10-12 || total
---------------------------+-------+-------+-------+-------++-------
  Melee: Dagger            |    43 |     3 |    83 |    19 ||   148
         Bite              |    10 |       |    21 |     8 ||    39
         Punch             |       |       |       |     1 ||     1
   Cast: Freeze            |    33 |     2 |       |     5 ||    40
         Frozen Ramparts   |     4 |     1 |    10 |     6 ||    21
         Summon Ice Beast  |       |     6 |    21 |     8 ||    35
         Ozocubu's Armour  |       |     1 |     7 |     4 ||    12
 Invoke: Channel Magic     |       |       |       |     1 ||     1
  Evoke: Wand              |       |       |     6 |     1 ||     7
    Use: Scroll            |     6 |     2 |     4 |     3 ||    15
         Potion            |       |       |     2 |       ||     2
   Stab: Sleeping          |     3 |       |     3 |       ||     6
 Armour: Robe              |    52 |     1 |    49 |       ||   102
         Steam dragon scal |       |       |    38 |    19 ||    57
  Dodge: Dodged            |    76 |     2 |    77 |    13 ||   168
